 Dungeon Crawl Stone Soup version 0.13.0-7-g3df9ff1 (webtiles) character file.

123 CrazyArbalest the Bolt Thrower (level 4, -1/26 HPs)
             Began as a Kobold Hunter on Oct 16, 2013.
             Slain by a hobgoblin
             ... wielding a +0,+0 club
              (3 damage)
             ... on Level 2 of the Dungeon.
             The game lasted 00:08:34 (2102 turns).

CrazyArbalest the Bolt Thrower (Kobold Hunter)      Turns: 2102, Time: 00:08:35

HP  -1/26        AC  5     Str 11      XL: 4   Next:  0%
MP   3/3         EV 13     Int 10      God:
Gold 75          SH  0     Dex 15      Spells:  0 memorised,  3 levels left

Res.Fire  : . . .   See Invis. : .   b - +1 crossbow
Res.Cold  : . . .   Warding    : .   g - +2 elf leather armour
Life Prot.: . . .   Conserve   : .   (no shield)
Res.Poison: .       Res.Corr.  : .   (no helmet)
Res.Elec. : .       Clarity    : .   (no cloak)
Sust.Abil.: . .     Spirit.Shd : .   (no gloves)
Res.Mut.  : .       Stasis     : .   (no boots)
Res.Rott. : .       Flight     : .   (no amulet)
Saprovore : + + .                    (no ring)
                                     (no ring)

@: slightly resistant to hostile enchantments, fairly stealthy
A: disease resistance, carnivore 3, saprovore 2
a: no special abilities


You were on level 2 of the Dungeon.
You were completely stuffed.

You visited 1 branch of the dungeon, and saw 2 of its levels.

You collected 55 gold pieces.

Inventory:

Hand weapons
 a - a +0,+0 short sword
 b - a +1,+1 crossbow (weapon)
Missiles
 c - 17 bolts (quivered)
Armour
 g - a +2 elven leather armour (worn)
Comestibles
 f - a meat ration
Scrolls
 h - a scroll of magic mapping {unknown}
 k - a scroll of recharging {unknown}
 l - 3 scrolls of enchant weapon II {unknown}
 m - a scroll of enchant armour {unknown}
 n - a scroll of identify {unknown}
Jewellery
 i - a +3 ring of intelligence {unknown}
Potions
 d - a potion of curing {unknown}
 e - a potion of mutation {unknown}
 j - a potion of heal wounds {unknown}
 o - a potion of porridge {unknown}


   Skills:
 + Level 1.4 Fighting
 + Level 1.0 Short Blades
 * Level 5.9 Crossbows
 + Level 2.8 Dodging
 + Level 1.5 Stealth


You had 3 spell levels left.
You didn't know any spells.

Dungeon Overview and Level Annotations

Branches:
Dungeon (2/27)

Altars:


Innate Abilities, Weirdness & Mutations

You recuperate from illness quickly.
You are small and have problems with some larger weapons.
You are carnivorous and can eat meat at any time.
You can eat rotten meat.


Message History

* * * LOW HITPOINT WARNING * * *
The rat bites you.
* * * LOW HITPOINT WARNING * * *
The rat bites you but does no damage. The hobgoblin closely misses you.
Firing (i - inventory):
c - 19 bolts (quivered)
Press: ? - help, Shift-Dir - straight line, f - hobgoblin
Aim: a hobgoblin, wielding a club (heavily wounded)
You shoot a bolt. The bolt misses the hobgoblin.
The bolt hits the plant.
The plant is lightly damaged.
You hear a splash.
The rat bites you but does no damage.
The hobgoblin hits you but does no damage.
Firing (i - inventory):
c - 18 bolts (quivered)
Press: ? - help, Shift-Dir - straight line, f/p - hobgoblin
Aim: a hobgoblin, wielding a club (heavily wounded)
You shoot a bolt. The bolt misses the hobgoblin.
The bolt hits the plant.
The plant is lightly damaged.
You hear a splash.
The rat bites you but does no damage. The hobgoblin hits you with a club.
You die...

≈P≈≈≈≈≈≈P≈P♣♣..#....#######
≈≈≈≈≈≈≈≈≈P≈≈≈P♣.#..........#
P≈P≈≈P≈P≈≈P≈≈≈≈≈≈#..........#
≈≈.≈≈♣≈≈≈≈P≈≈≈≈♣.#..........#
...≈......≈≈P≈♣.............#
$................<........####
≈≈.....)...........(##.##.#
♣≈≈≈≈P≈..≈..(gr.....##.##.#
♣≈P≈≈≈≈P≈≈♣#@......##....#
≈≈≈≈♣≈P≈≈♣.........##..### .♣♣
♣♣♣♣♣..........##..#
♣♣♣...........###..#
#...........<.###..#####
#..........#...........#
#..........#...........#
#..........#...........#
#..........#...........#


You could see a hobgoblin and a rat.

Vanquished Creatures
  A giant gecko (D:1)
  5 oozes
  6 bats
  A giant cockroach (D:1)
  5 goblins
  9 hobgoblins
  2 jackals (D:1)
  A kobold (D:2)
  4 giant newts (D:1)
  4 rats
38 creatures vanquished.

Notes
Turn   | Place    | Note
--------------------------------------------------------------
     0 | D:1      | CrazyArbalest, the Kobold Hunter, began the quest for the Orb.
     0 | D:1      | Reached XP level 1. HP: 12/12 MP: 0/0
    31 | D:1      | Reached skill level 5 in Crossbows
   238 | D:1      | Reached XP level 2. HP: 11/17 MP: 1/1
   759 | D:1      | Reached XP level 3. HP: 11/21 MP: 2/2
  1651 | D:1      | Reached skill level 1 in Short Blades
  2100 | D:2      | Reached XP level 4. HP: 4/26 MP: 3/3
  2100 | D:2      | HP: 1/26 [rat (1)]
  2102 | D:2      | Slain by a hobgoblin

Action                   |  1- 3 |  4- 6 || total
-------------------------+-------+-------++-------
Melee: Short sword       |   211 |       ||   211
 Fire: Crossbow          |     1 |     2 ||     3
 Stab: Sleeping          |     3 |       ||     3
